 Dungeon Sprint DCSS version 0.29.1-2-gbd0b4ee654 (webtiles) character file.

Game seed: 13231390780781333297

19365 Groucho the Naga Aeon (level 12, -10/123 HPs)
             Began as a Naga Fighter on Nov 22, 2022.
             Was the Champion of Cheibriados.
             Mangled by an orc knight
             ... wielding a +0 great sword
              (28 damage)
             ... in the Dungeon (Sprint VII: "The Pits").
             The game lasted 00:09:15 (5887 turns).

Groucho the Naga Aeon (Naga Fighter)                Turns: 5887, Time: 00:09:15

Health: -10/123    AC: 29    Str: 36    XL:     12   Next: 68%
Magic:  17/22      EV: 13    Int: 26    God:    Cheibriados [******]
Gold:   27         SH: 10    Dex: 29    Spells: 22/22 levels left

rFire   . . .      SeeInvis +   y - +2 war axe (vorpal)
rCold   . . .      Faith    .   c - +0 buckler
rNeg    . . .      Spirit   .   s - +2 plate armour
rPois   +          Reflect  .   (helmet restricted)
rElec   .          Harm     .   (no cloak)
rCorr   .          Rampage  .   E - +2 pair of gloves
Will    +....      NoTele   +   a - +0 barding
Stlth   ..........              (no amulet)
HPRegen 0.30/turn               b - +3 ring of protection
MPRegen 0.18/turn               t - +3 ring of strength

@: very slow
A: AC +4, large, see invisible, deformed body, poison resistance, slowness 2,
spit poison 1, naga tail 1, horns 1
a: Spit Poison, Renounce Religion, Bend Time, Temporal Distortion, Slouch, Step
From Time


You were in the Dungeon.
You worshipped Cheibriados.
Cheibriados was exalted by your worship.
You visited 1 branch You collected 27 gold pieces.

Inventory:

Hand Weapons
 x - a +2 morningstar of protection
 y - a +2 vorpal war axe (weapon)
Missiles
 m - 17 stones
 r - 4 silver javelins
Armour
 a - a +0 barding (worn)
 c - a +0 buckler (worn)
 k - a +0 helmet
 s - a +2 plate armour (worn)
 E - a +2 pair of gloves (worn)
Jewellery
 b - a +3 ring of protection (left hand)
 t - a +3 ring of strength (right hand)
 A - a ring of positive energy
 D - a ring of ice
Scrolls
 j - 2 scrolls of blinking
 n - 5 scrolls of amnesia
 o - a scroll of summoning
 p - 3 scrolls of vulnerability
 q - 6 scrolls of enchant armour
 z - 2 scrolls of identify
 B - a scroll of acquirement
 C - 5 scrolls of fear
 F - 2 scrolls of enchant weapon
Potions
 d - 5 potions of might
 e - 13 potions of heal wounds
 f - 2 potions of curing
 g - a potion of haste
 h - 4 potions of magic
 i - 3 potions of berserk rage
 l - a potion of invisibility
 u - 4 potions of resistance
 v - 2 potions of mutation
 w - 2 potions of brilliance


   Skills:
 + Level 12.7 Fighting
 + Level 12.5 Axes
 * Level 12.8 Armour
 * Level 10.0 Dodging
 * Level 14.0 Shields
 * Level 5.6 Spellcasting
 - Level 14.0 Invocations


You had 22 spell levels left.
You didn't know any spells.
Your spell library contained the following spells:

 Spells                   Type           Power      Damage    Failure   Level
 Gell's Gravitas          Tloc           7%         N/A       75%         3
 Lesser Beckoning         Tloc           7%         N/A       75%         3
 Teleport Other           Tloc           7%         N/A       75%         3


Dungeon Overview and Level Annotations

Branches:
Dungeon (1/1)

Altars:
Ashenzari
Cheibriados
Dithmenos
Elyvilon
Fedhas
Gozag
Hepliaklqana
Kikubaaqudgha
Makhleb
Nemelex Xobeh
Okawaru
Qazlal
Ru
Sif Muna
Trog
Uskayaw
Vehumet
Wu Jian
Xom
Yredelemnul
Zin
The Shining One
Jiyva
Lugonu


Innate Abilities, Weirdness & Mutations

Your serpentine skin is tough. (AC +4)
You have supernaturally acute eyesight. (SInv)
Armour fits poorly on your strangely shaped body.
Your system is resistant to poisons. (rPois)
You cover ground very slowly.
You can spit poison.
You have a snake-like lower body.
You have a pair of small horns on your head.


Message History

Unknown command.
You slash the orc knight!
The orc knight is lightly wounded.
You slice the orc knight!!
The deep elf knight points at you and mumbles some strange words.
The shard of ice hits you!
The deep elf knight casts a spell.
The deep elf knight flickers and vanishes for a moment.
The orc knight hits you from afar with a +0 glaive!!
The orc knight barely misses you. The orc knight closely misses you.
You block the orc knight's attack.
Unknown command.
Activating: Slouch (0% risk of failure)
Press: ? - help, Dir - look around, f - activate You can feel time thicken for a moment.
You kill the deep elf knight!
Cheibriados thoroughly appreciates the change of pace.
You kill the deep elf knight!
Cheibriados thoroughly appreciates the change of pace.
You kill the wolf!
Cheibriados thoroughly appreciates the change of pace.
You kill the wolf!
Cheibriados thoroughly appreciates the change of pace.
You block the orc knight's attack.
The orc knight hits you from afar with a +0 halberd!!
* * * LOW HITPOINT WARNING * * *
The orc knight closely misses you.
The vampire knight mumbles some strange words.
The vampire knight seems to speed up.
The orc knight hits you with a +0 broad axe!
* * * LOW HITPOINT WARNING * * *
Your Dodging skill increases to level 10!
Your Shields skill increases to level 14!
Unknown command.
You feel much better.
The orc knight hits you with a +0 broad axe!
* * * LOW HITPOINT WARNING * * *
A yaktaur comes into view.
The orc knight hits you with a +0 great sword!!
You die...

++###############################
.................................
...............................†.
..##############@o##############.
..# #)oo...# #. ..# #.ooo..# #.
..# #..oo..# #. ..# ###o.### #.
..#


Vc). #. ..# cc.. #. ÷.# ....# #. ..# #. You could see 2 orc warlords, a yaktaur
captain, a vampire knight (fast), 7 orc knights and 2 yaktaurs.

Vanquished Creatures
  Frances (D)
  A minotaur (D)
  A great orb of eyes (D)
  2 hydras (D)
  A catoblepas (D)
  2 death yaks (D)
  Sonja (D)
  A sun demon (D)
  2 deep elf knights (D)
  2 shadow wraiths (D)
  A deep troll (D)
  A lindwurm (D)
  An orc knight (D)
  A cyclops (D)
  3 elephants (D)
  An unseen horror (D)
  A kobold demonologist (D)
  A rime drake (D)
  A tyrant leech (D)
  A hornet (D)
  9 dream sheep (D)
  Sigmund (D)
  A flying skull (D)
  A jumping spider (D)
  2 wraiths (D)
  A spriggan (D)
  A small abomination (D)
  A wyvern (D)
  A vampire (D)
  6 yaks (D)
  A ynoxinul (D)
  2 fire bats (D)
  A neqoxec (D)
  A steam dragon (D)
  2 redbacks (D)
  2 vampire mosquitoes (D)
  A warg (D)
  An acid dragon (D)
  An orc warrior (D)
  A sky beast (D)
  2 centaurs (D)
  2 ogres (D)
  3 wolves (D)
  3 gnoll sergeants (D)
  A scorpion (D)
  3 wights (D)
  A hound (D)
  2 orc priests (D)
  A jelly (D)
  An iron imp (D)
  An iguana (D)
  2 orc wizards (D)
  13 gnolls (D)
  A river rat (D)
  An ufetubus (D)
  An adder zombie (D)
  A worm (D)
  8 orcs (D)
  A ball python (D)
  An endoplasm (D)
  A goblin (D)
  A kobold (D)
  A quokka (D)
  A rat (D)
116 creatures vanquished.

Vanquished Creatures (others)
  An orc warrior (D)
1 creature vanquished.

Grand Total: 117 creatures vanquished

Notes
Turn   | Place    | Note
-------+----------+-------------------------------------------
     0 | D        | Groucho the Naga Fighter began the quest for the Orb.
     0 | D        | Reached XP level 1. HP: 21/21 MP: 1/1
    14 | D        | Reached XP level 2. HP: 13/28 MP: 2/2
   404 | D        | Found a bloodstained altar of Trog.
   404 | D        | Found a shimmering blue altar of Sif Muna.
   404 | D        | Found a viscous altar of Jiyva.
   404 | D        | Found a hazy altar of Hepliaklqana.
   404 | D        | Found an opulent altar of Gozag.
   405 | D        | Found a glowing golden altar of the Shining One.
   405 | D        | Found a glowing silver altar of Zin.
   405 | D        | Found a basalt altar of Yredelemnul.
   405 | D        | Found a shimmering altar of Xom.
   405 | D        | Found an ornate altar of the Wu Jian Council.
   405 | D        | Found a sacrificial altar of Ru.
   405 | D        | Found a stormy altar of Qazlal.
   405 | D        | Found an iron altar of Okawaru.
   405 | D        | Found a sparkling altar of Nemelex Xobeh.
   405 | D        | Found a burning altar of Makhleb.
   405 | D        | Found a blossoming altar of Fedhas.
   405 | D        | Found a white marble altar of Elyvilon.
   405 | D        | Found a shadowy altar of Dithmenos.
   405 | D        | Found a snail-covered altar of Cheibriados.
   406 | D        | Found a radiant altar of Vehumet.
   406 | D        | Found a corrupted altar of Lugonu.
   407 | D        | Found an ancient bone altar of Kikubaaqudgha.
   407 | D        | Found a hide-covered altar of Uskayaw.
   407 | D        | Found a broken altar of Ashenzari.
   416 | D        | Became a worshipper of Cheibriados the Contemplative
   432 | D        | Noticed a scorpion
   445 | D        | Killed a scorpion
   445 | D        | Reached * piety under Cheibriados
   446 | D        | Reached XP level 3. HP: 37/37 MP: 2/5
   446 | D        | Reached XP level 4. HP: 45/45 MP: 2/6
   795 | D        | Reached ** piety under Cheibriados
   820 | D        | Reached skill level 5 in Fighting
  1053 | D        | Reached *** piety under Cheibriados
  1121 | D        | Noticed a sky beast
  1121 | D        | Noticed an orc warrior
  1122 | D        | Noticed a gnoll sergeant
  1142 | D        | Killed an orc warrior
  1143 | D        | Reached skill level 5 in Axes
  1143 | D        | Reached skill level 5 in Shields
  1143 | D        | Reached XP level 5. HP: 16/52 MP: 6/8
  1148 | D        | Reached **** piety under Cheibriados
  1154 | D        | Reached ***** piety under Cheibriados
  1155 | D        | Reached skill level 5 in Armour
  1155 | D        | Reached skill level 5 in Invocations
  1155 | D        | Reached XP level 6. HP: 37/63 MP: 2/10
  1314 | D        | Killed a sky beast
  1320 | D        | Noticed Sigmund
  1322 | D        | Noticed a warg
  1328 | D        | Killed Sigmund
  1328 | D        | Reached ****** piety under Cheibriados
  1329 | D        | Reached XP level 7. HP: 63/72 MP: 10/12
  1334 | D        | Killed a warg
  1499 | D        | Noticed a fire bat
  1505 | D        | Noticed a spriggan
  1506 | D        | Killed a spriggan
  1506 | D        | Killed a fire bat
  1507 | D        | Reached XP level 8. HP: 72/82 MP: 7/14
  1675 | D        | Noticed a deep troll
  1675 | D        | Noticed a cyclops
  1679 | D        | Killed a deep troll
  1684 | D        | Killed a cyclops
  1685 | D        | Reached XP level 9. HP: 90/93 MP: 5/16
  2001 | D        | Reached skill level 1 in Dodging
  2017 | D        | Noticed a kobold demonologist
  2017 | D        | Noticed an elephant
  2018 | D        | Noticed Sonja
  2020 | D        | Killed Sonja
  2021 | D        | Reached skill level 10 in Fighting
  2021 | D        | Reached skill level 10 in Invocations
  2023 | D        | Killed a kobold demonologist
  2030 | D        | Killed an elephant
  2031 | D        | Reached skill level 10 in Axes
  2031 | D        | Reached skill level 10 in Shields
  2031 | D        | Reached XP level 10. HP: 48/103 MP: 8/18
  2396 | D        | Noticed a six-headed hydra
  2405 | D        | Killed a seven-headed hydra
  2406 | D        | Reached skill level 5 in Dodging
  2831 | D        | Reached skill level 10 in Armour
  2839 | D        | Reached XP level 11. HP: 57/111 MP: 20/20
  3449 | D        | Noticed a shadow wraith
  3449 | D        | Noticed Frances
  3453 | D        | Killed a shadow wraith
  3454 | D        | Noticed a sixfirhy
  3457 | D        | Killed Frances
  3990 | D        | Noticed a shadow wraith
  3991 | D        | Noticed a great orb of eyes
  3992 | D        | Noticed a minotaur
  3995 | D        | Killed a minotaur
  3995 | D        | Killed a great orb of eyes
  3995 | D        | Killed a shadow wraith
  4514 | D        | Reached skill level 1 in Spellcasting
  4514 | D        | Reached XP level 12. HP: 84/122 MP: 22/22
  4752 | D        | Noticed a sun demon
  4752 | D        | Noticed a death yak
  4761 | D        | Killed a death yak
  4761 | D        | Killed a sun demon
  4987 | D        | Noticed a death yak
  4987 | D        | Noticed a catoblepas
  4991 | D        | Killed a death yak
  4991 | D        | Killed a catoblepas
  5531 | D        | Noticed a four-headed hydra
  5544 | D        | Killed a four-headed hydra
  5876 | D        | Noticed an orc warlord
  5876 | D        | Gained mutation: You have a pair of small horns on your
                  | head. [a neqoxec]
  5876 | D        | Noticed a deep elf knight
  5877 | D        | Noticed a deep elf knight
  5880 | D        | Noticed an orc warlord
  5881 | D        | Noticed a vampire knight
  5884 | D        | Noticed a yaktaur captain
  5885 | D        | Reached skill level 5 in Spellcasting
  5886 | D        | Killed a deep elf knight
  5886 | D        | Killed a deep elf knight
  5886 | D        | HP: 4/123 [orc knight/+0 broad axe (17)]
  5887 | D        | Reached skill level 10 in Dodging
  5887 | D        | Mangled by an orc knight

Illustrated notes

Levels and vault maps discovered:
D:        pitsprint [storerooms_1, entrance_room_1, metal_vault_3, armoury_1,
          mini_pit_1, grid_room_1, main_hall_1, silver_pit, the_coven_1,
          the_vestibule_1, steel_vault_4, golden_pit, hallway_of_sentries,
          crystal_vault_2, iron_vault_4, final_vault]

Skill      XL: |  1  2  3  4  5  6  7  8  9 10 11 12 |
---------------+-------------------------------------+-----
Shields        | 3 4 5 6 7 8 10 11 12 14 | 14.0
Armour         | 3 4 5 6 7 8 9 10 11 12 | 12.8
Fighting       | 4 5 6 7 8 9 10 11 12 | 12.7
Axes           | 4 5 6 7 8 9 10 11 12 | 12.5
Invocations    | 2 4 5 7 8 9 11 12 14 | 14.0
Dodging        | 3 6 8 10 | 10.0
Spellcasting   | 1 5 |  5.6

Action                   |  1- 3 |  4- 6 |  7- 9 | 10-12 || total
-------------------------+-------+-------+-------+-------++-------
Melee: War axe           |     4 |       |    14 |   110 ||   128
       Hand axe          |     9 |    52 |    14 |       ||    75
       Morningstar       |       |       |       |    13 ||    13
       Headbutt          |       |       |       |     2 ||     2
Invok: Slouch            |       |     1 |     7 |    17 ||    25
  Use: Potion            |     2 |     6 |     1 |     3 ||    12
 Stab: Invisible         |       |     1 |       |       ||     1
Armor: Scale mail        |     3 |     4 |    18 |    49 ||    74
       Plate armour      |       |    13 |    12 |    81 ||   106
Dodge: Dodged            |     4 |    11 |     8 |    99 ||   122
Block: Buckler           |     2 |    16 |    13 |    83 ||   114
